 Dungeon Crawl Stone Soup version 0.30.0-29-ga12c61a403 (webtiles) character file.

Game seed: 17128160355234629710

25614 qw the Cleaver (level 13, -4/82 HPs)
             Began as a Gargoyle Fighter on June 3, 2023.
             Was an Elder of Okawaru.
             Killed from afar by an oklob plant (7 damage)
             ... with a splash of acid
             ... on level 4 of the Lair of Beasts.
             The game lasted 00:05:50 (10901 turns).

qw the Cleaver (Gargoyle Fighter)                  Turns: 10901, Time: 00:05:50

Health: -4/82      AC: 16    Str: 25    XL:     13   Next: 20%
Magic:  20/20      EV: 14    Int:  9    God:    Okawaru [****..]
Gold:   694        SH: 13    Dex: 11    Spells: 12/12 levels left

rFire   . . .        Y - +3 war axe (chaos)
rCold   + . .        m - +0 kite shield
rNeg    + . .        f - +0 plate armour
rPois   inf          b - +1 helmet
rElec   +            e - +1 cloak
rCorr   .            (no gloves)
SInv    .            p - +0 pair of boots
Will    .....        g - amulet of the acrobat Stlth
                     q - +5 ring of evasion
HPRegen 0.33/turn    l - +4 ring of slaying {mikee}
MPRegen 0.17/turn

%: acrobat
@: heroic, corroded
A: sickness immunity, AC +9, negative energy resistance 1, electricity
resistance, torment resistance 1, petrification resistance, hooves 1, thin
skeletal structure 1, cold resistance 1
a: Renounce Religion, Heroism, Finesse


You were on level 4 of the Lair of Beasts.
You worshipped Okawaru.
Okawaru was greatly pleased with you.
You visited 3 branches of the dungeon, and saw 15 of its levels.

You collected 694 gold pieces.


Innate Abilities, Weirdness & Mutations

You are immune to sickness and miasma.
Your stone body is resilient. (AC +9)
You are immune to poison.
You resist negative energy. (rN+)
You are resistant to electric shocks. (rElec)
You are resistant to unholy torment.
You are immune to petrification.
You have large cloven feet.
You have a somewhat thin skeletal structure. (Dex +2, Stealth+)
Your flesh is cold resistant. (rC+)


   Skills:
 - Level 10.1(15.1) Fighting
 + Level 12.3(17.3) Axes
 - Level 2.1(7.1) Throwing
 - Level 9.0(14.0) Armour
 - Level 2.0(7.0) Dodging
 - Level 10.8(15.8) Shields
 - Level 10.0 Invocations


You had 12 spell levels left.
You didn't know any spells.
Your spell library was empty.

Inventory:

Hand Weapons
 w - a +0 flail
 Y - a +3 war axe of chaos (weapon)
Armour
 b - a +1 helmet (worn)
 e - a +1 cloak (worn)
 f - a +0 plate armour (worn)
 m - a +0 kite shield (worn)
 p - a +0 pair of boots (worn)
Jewellery
 g - an amulet of the acrobat (around neck)
 l - a +4 ring of slaying (right hand) {mikee}
 n - a ring of protection from fire
 q - a +5 ring of evasion (left hand)
Scrolls
 a - a scroll of identify
Potions
 d - 3 potions of might
 h - a potion of haste
 i - a potion of attraction
 j - 3 potions of lignification
 k - a potion of magic
 o - 5 potions of curing
 u - a potion of mutation
 v - a potion of berserk rage {unknown}

Dungeon Overview and Level Annotations

Branches:
Dungeon (9/15)             Temple (1/1) D:7            Lair (5/5) D:9
 Shoals (0/4) Lair:2       Spider (0/4) Lair:3        Slime (0/5) Lair:4
    Orc: D:9-12

Altars:
Cheibriados
Dithmenos
Fedhas
Gozag
Kikubaaqudgha
Nemelex Xobeh
Okawaru
Qazlal
Sif Muna
Trog
Uskayaw
Vehumet
Xom
The Shining One

Annotations:
D:2 1 runed translucent door, Crazy Yiuf
D:3 2 transporters, qw's ghost, amateur GrFi
D:7 2 runed translucent doors


Message History

Enter note:
Enter note:
Enter note:
Enter note:
Enter note:
Enter note:
Enter note:
Enter note:
Enter note:
Enter note:
Enter note: You slash the oklob plant!
You burn the oklob plant.
The oklob plant is lightly damaged.
You slash the oklob plant! You freeze the oklob plant.
The oklob plant is heavily damaged.
The oklob plant spits acid at you. The splash of acid hits you.
The acid corrodes you!
You hit the oklob plant. You burn the oklob plant.
The oklob plant is heavily damaged.
The oklob plant spits acid at you. The splash of acid hits you.
The acid corrodes you! The oklob plant spits acid at you.
The splash of acid misses you.
You hit the oklob plant but do no damage.
The oklob plant is heavily damaged.
You hit the oklob plant but do no damage.
The oklob plant is heavily damaged.
You slash the oklob plant!
The oklob plant is heavily damaged.
The oklob plant spits acid at you. The splash of acid hits you.
The acid corrodes you!
You hit the oklob plant. You freeze the oklob plant.
The oklob plant is heavily damaged.
The oklob plant spits acid at you. The splash of acid hits you!
You hit the oklob plant.
Nothing appears to happen.
The oklob plant is severely damaged.
The oklob plant spits acid at you. The splash of acid hits you!
You die...

#.##.#...##....#...#
.........#....#.#..#
.........#....##...#
............###....#
............# #....#
....##.....####...##
..#.##....## #....#
...###...## ##....#
..#..#...## #P..@##
......###.# #.>P..#
#....## ### #.....#
......# #.....##
#....### #######
#....#.#####
..........P#
#.........##
#.........##


You could see 2 oklob plants.

Vanquished Creatures
  Fannar (Lair:1)
  2 hydras
  Erolcha (D:9)
  A boulder beetle (Lair:2)
  Nergalle (Lair:3)
  A fire crab (Lair:4)
  A skyshark (Lair:2)
  An oklob plant (Lair:4)
  A wolf spider (Lair:3)
  A black mamba (Lair:1)
  A torpor snail (Lair:4)
  9 elephants
  6 cane toads
  5 komodo dragons
  A polar bear (Lair:1)
  21 blink frogs
  A vampire (D:9)
  17 yaks
  3 fire bats (Lair:4)
  A basilisk (Lair:2)
  2 wyverns
  11 water moccasins
  3 black bears
  3 orc warriors
  2 ice beasts (D:6)
  An ogre (D:6)
  17 wolves
  A centaur (D:9)
  8 scorpions
  8 bullfrogs
  3 gnoll sergeants
  10 killer bees (D:9)
  An electric eel (Lair:2)
  A howler monkey (D:5)
  A hound (D:7)
  2 gnoll boudas
  3 orc priests
  3 jellies
  6 iguanas
  4 orc wizards
  2 sleepcaps
  22 gnolls
  3 adders
  A white imp (D:6)
  4 dart slugs
  22 orcs
  9 ball pythons
  5 bats
  8 endoplasms
  5 giant cockroaches
  21 goblins
  10 hobgoblins
  5 jackals
  4 quokkas
  3 frilled lizards
  2 kobolds
  5 rats
  A spectral weapon (D:9)
298 creatures vanquished.

Notes
Turn   | Place    | Note
-------+----------+-------------------------------------------
     0 | D:1      | qw the Gargoyle Fighter began the quest for the Orb.
     0 | D:1      | Reached XP level 1. HP: 14/14 MP: 1/1
     0 | D:1      | 0 ||| qw: Version: 0.2-a-103-g5a998e5
     0 | D:1      | 0 ||| qw: Game counter: 1094
     0 | D:1      | 0 ||| qw: Always use a shield: true
     0 | D:1      | 0 ||| qw: God list: Okawaru
     0 | D:1      | 0 ||| qw: Allow faded altars: false
     0 | D:1      | 0 ||| qw: Do Orc after D:15 true
     0 | D:1      | 0 ||| qw: Do second Lair branch before Depths: true
     0 | D:1      | 0 ||| qw: Lair rune preference: random
     0 | D:1      | 0 ||| qw: Plans: Normal, Zot:1-4, Slime:5, God:TSO, Crypt,
                  | Tomb, Pan, Hells, Abyss, Win
     0 | D:1      | 0 ||| PLANNING D:1-11
    82 | D:1      | 82 ||| Stepping ~*~*~tactically~*~*~ (stealth).
    98 | D:1      | Reached skill level 2 in Axes
   127 | D:1      | 127 ||| Stepping ~*~*~tactically~*~*~ (stealth).
   131 | D:1      | 131 ||| Stepping ~*~*~tactically~*~*~ (stealth).
   143 | D:1      | Reached XP level 2. HP: 17/19 MP: 2/2
   223 | D:1      | 223 ||| DROPPING +0 club.
   480 | D:1      | Reached skill level 3 in Axes
   530 | D:1      | Reached XP level 3. HP: 22/23 MP: 3/3
   802 | D:1      | 802 ||| UPGRADING to +0 plate armour.
   812 | D:1      | 812 ||| DROPPING +0 scale mail.
   813 | D:1      | 813 ||| UPGRADING to amulet of the acrobat.
   818 | D:1      | 818 ||| DROPPING ring of flight.
   819 | D:1      | 819 ||| READING scroll labelled TIMAMO NAFRO.
   820 | D:1      | 820 ||| READING scroll labelled YNOHUF DEODIU.
   821 | D:1      | 821 ||| READING scroll labelled GUOKHA DIMM.
  1272 | D:2      | 1272 ||| Stepping ~*~*~tactically~*~*~ (stealth).
  1273 | D:2      | 1273 ||| Stepping ~*~*~tactically~*~*~ (stealth).
  1291 | D:2      | Found a shadowy altar of Dithmenos.
  1342 | D:2      | 1342 ||| Stepping ~*~*~tactically~*~*~ (stealth).
  1559 | D:2      | 1559 ||| Stepping ~*~*~tactically~*~*~ (hiding).
  1565 | D:2      | Reached XP level 4. HP: 28/28 MP: 4/4
  1712 | D:2      | Found a runed translucent door.
  1713 | D:2      | Noticed Crazy Yiuf
  1852 | D:2      | 1852 ||| UPGRADING to +4 ring of slaying {mikee}.
  1853 | D:2      | 1853 ||| READING scroll labelled WAETIBL ZOIRGHI.
  1913 | D:2      | 1913 ||| READING scroll labelled KOPEXT DAUH.
  1914 | D:2      | 1914 ||| DRINKING 2 puce potions.
  1915 | D:2      | 1915 ||| READING 2 scrolls of identify.
  1915 | D:2      | 1915 ||| IDENTIFYING smoky amethyst potion
  1916 | D:2      | 1916 ||| DROPPING potion of flight.
  1968 | D:3      | Found a transporter.
  1968 | D:3      | Found a transporter.
  1970 | D:3      | Noticed qw's ghost (amateur GrFi)
  2003 | D:3      | 2003 ||| Stepping ~*~*~tactically~*~*~ (stealth).
  2072 | D:3      | Reached skill level 4 in Axes
  2075 | D:3      | 2075 ||| FLEEEEING.
  2076 | D:3      | 2076 ||| FLEEEEING.
  2299 | D:3      | Found a hide-covered altar of Uskayaw.
  2363 | D:3      | Noticed a necrophage
  2437 | D:3      | Found a blossoming altar of Fedhas.
  2447 | D:3      | Found a sparkling altar of Nemelex Xobeh.
  2529 | D:3      | 2529 ||| Stepping ~*~*~tactically~*~*~ (stealth).
  2557 | D:3      | 2557 ||| UPGRADING to +0 helmet.
  2562 | D:3      | 2562 ||| UPGRADING to +1 cloak.
  2567 | D:3      | 2567 ||| READING scroll labelled GYWEDA LUECVILEU.
  2568 | D:3      | 2568 ||| READING scroll labelled VAILU METSOUTZ.
  2587 | D:3      | 2587 ||| DRINKING 2 yellow potions.
  2587 | D:3      | Gained mutation: You are frail. (-10% HP) [potion of
                  | mutation]
  2587 | D:3      | Gained mutation: You are dopey. (Int -2) [potion of
                  | mutation]
  2587 | D:3      | Gained mutation: Your spells are a little easier to cast,
                  | but a little less powerful. [potion of mutation]
  2587 | D:3      | Gained mutation: You have a somewhat thin skeletal
                  | structure. (Dex +2, Stealth+) [potion of mutation]
  2588 | D:3      | 2588 ||| DRINKING potion of mutation.
  2588 | D:3      | Lost mutation: Your spells are a little easier to cast, but
                  | a little less powerful. [potion of mutation]
  2588 | D:3      | Lost mutation: You are dopey. (Int -2) [potion of mutation]
  2588 | D:3      | Lost mutation: You are frail. (-10% HP) [potion of
                  | mutation]
  2588 | D:3      | Gained mutation: Your flesh is cold resistant. (rC+)
                  | [potion of mutation]
  2588 | D:3      | Gained mutation: You have large cloven feet. [potion of
                  | mutation]
  2631 | D:4      | Noticed a scorpion
  2638 | D:4      | Reached XP level 5. HP: 32/32 MP: 5/5
  2641 | D:4      | Reached skill level 5 in Axes
  2652 | D:4      | Reached XP level 6. HP: 36/38 MP: 6/6
  2665 | D:4      | Noticed a black bear
  2666 | D:4      | 2666 ||| Stepping ~*~*~tactically~*~*~ (stealth).
  2667 | D:4      | 2667 ||| Stepping ~*~*~tactically~*~*~ (stealth).
  2668 | D:4      | 2668 ||| Stepping ~*~*~tactically~*~*~ (stealth).
  2675 | D:4      | Killed a black bear
  2719 | D:4      | 2719 ||| DROPPING +0 mace.
  2743 | D:4      | Identified the +7 falchion "Qerudo" {speed, rC+ SInv
                  | Stlth-}
  2744 | D:4      | 2744 ||| Stepping ~*~*~tactically~*~*~ (stealth).
  2746 | D:4      | 2746 ||| Stepping ~*~*~tactically~*~*~ (stealth).
  2748 | D:4      | 2748 ||| Stepping ~*~*~tactically~*~*~ (stealth).
  2860 | D:4      | Reached skill level 6 in Axes
  2933 | D:4      | 2933 ||| READING scroll of enchant armour.
  2933 | D:4      | 2933 ||| ENCHANTING +0 helmet.
  3295 | D:4      | Found a bloodstained altar of Trog.
  3380 | D:5      | Entered Level 5 of the Dungeon
  3440 | D:5      | Reached skill level 1 in Dodging
  3440 | D:5      | Reached XP level 7. HP: 37/43 MP: 7/7
  3519 | D:5      | 3519 ||| Stepping ~*~*~tactically~*~*~ (stealth).
  3575 | D:5      | 3575 ||| Stepping ~*~*~tactically~*~*~ (hiding).
  3807 | D:5      | 3807 ||| Stepping ~*~*~tactically~*~*~ (hiding).
  3812 | D:5      | 3812 ||| DRINKING 2 potions of curing.
  3812 | D:5      | 3812 ||| (to cure confusion)
  3813 | D:5      | 3813 ||| Stepping ~*~*~tactically~*~*~ (hiding).
  3814 | D:5      | 3814 ||| Stepping ~*~*~tactically~*~*~ (hiding).
  3826 | D:5      | Reached skill level 7 in Axes
  3833 | D:5      | Reached XP level 8. HP: 47/49 MP: 8/8
  4171 | D:5      | Found a shimmering blue altar of Sif Muna.
  4174 | D:5      | 4174 ||| UPGRADING to ring of protection from fire.
  4175 | D:5      | 4175 ||| READING scroll labelled LICHES UR IVUMP.
  4176 | D:5      | 4176 ||| READING scroll labelled ISETOF LAKKENO.
  4177 | D:5      | 4177 ||| READING 2 scrolls of identify.
  4177 | D:5      | 4177 ||| IDENTIFYING black potion
  4357 | D:6      | 4357 ||| DRINKING potion of curing.
  4357 | D:6      | 4357 ||| (to cure confusion)
  4362 | D:6      | Reached skill level 8 in Axes
  4408 | D:6      | Found a stormy altar of Qazlal.
  4488 | D:6      | 4488 ||| Stepping ~*~*~tactically~*~*~ (hiding).
  4491 | D:6      | 4491 ||| Stepping ~*~*~tactically~*~*~ (hiding).
  4714 | D:6      | Reached skill level 6 in Fighting
  4802 | D:6      | You fall into a shaft and drop 3 floors!
  4809 | D:9      | Noticed a wyvern
  4816 | D:9      | Killed a wyvern
  4817 | D:9      | Reached XP level 9. HP: 55/55 MP: 9/9
  4831 | D:9      | Found a staircase to the Lair.
  4839 | D:9      | Noticed Erolcha
  4840 | D:9      | 4840 ||| Stepping ~*~*~tactically~*~*~ (hiding).
  4841 | D:9      | 4841 ||| Stepping ~*~*~tactically~*~*~ (hiding).
  4843 | D:9      | 4843 ||| Stepping ~*~*~tactically~*~*~ (hiding).
  4854 | D:9      | Killed Erolcha
  4855 | D:9      | Reached skill level 9 in Axes
  5113 | D:9      | Reached skill level 6 in Armour
  5354 | D:9      | 5354 ||| Stepping ~*~*~tactically~*~*~ (stealth).
  5368 | D:9      | Reached skill level 10 in Axes
  5380 | D:9      | Reached XP level 10. HP: 29/64 MP: 10/10
  5388 | D:9      | HP: 14/64 [yak (5)]
  5389 | D:9      | 5389 ||| READING 2 scrolls of teleportation.
  5607 | D:9      | 5607 ||| UPGRADING to +5 ring of evasion.
  5609 | D:9      | 5609 ||| UPGRADING to +4 ring of slaying {mikee}.
  5611 | D:9      | 5611 ||| READING scroll labelled LUOFOLUNUW.
  5612 | D:9      | 5612 ||| DROPPING +0 flail.
  5613 | D:9      | 5613 ||| READING 3 scrolls labelled TISECOWK CARUODD.
  5614 | D:9      | 5614 ||| DRINKING 2 glowing brown potions.
  5646 | D:9      | 5646 ||| DRINKING 2 lumpy white potions.
  5647 | D:9      | 5647 ||| READING 3 scrolls of identify.
  5647 | D:9      | 5647 ||| IDENTIFYING fizzy red potion
  5648 | D:9      | 5648 ||| READING 2 scrolls of identify.
  5648 | D:9      | 5648 ||| IDENTIFYING green potion
  5649 | D:9      | 5649 ||| DROPPING potion of magic.
  5650 | D:9      | 5650 ||| DROPPING 2 scrolls of fog.
  5651 | D:9      | 5651 ||| DROPPING potion of ambrosia.
  5657 | D:9      | 5657 ||| Stepping ~*~*~tactically~*~*~ (hiding).
  6029 | D:6      | 6029 ||| READING scroll labelled UBBOFO LOCURA.
  6099 | D:7      | Found a large runed translucent door.
  6099 | D:7      | Found a large runed translucent door.
  6112 | D:7      | 6112 ||| Stepping ~*~*~tactically~*~*~ (stealth).
  6124 | D:7      | 6124 ||| Stepping ~*~*~tactically~*~*~ (hiding).
  6250 | D:7      | Found a staircase to the Ecumenical Temple.
  6251 | D:7      | 6251 ||| PLANNING TEMPLE
  6253 | D:7      | 6253 ||| UPGRADING to +0 kite shield.
  6263 | D:7      | 6263 ||| DROPPING +0 buckler.
  6264 | D:7      | 6264 ||| READING 2 scrolls of identify.
  6264 | D:7      | 6264 ||| IDENTIFYING grey potion
  6270 | Temple   | Entered the Ecumenical Temple
  6333 | Temple   | 6333 ||| PLANNING OKAWARU WORSHIP
  6460 | Temple   | Became a worshipper of Warmaster Okawaru
  6460 | Temple   | 6460 ||| PLANNING LAIR
  6582 | Lair:1   | Entered Level 1 of the Lair of Beasts
  6582 | Lair:1   | Noticed a cane toad
  6591 | Lair:1   | 6591 ||| STAIRDANCE
  6595 | D:9      | Killed a cane toad
  6595 | D:9      | HP: 7/64 [komodo dragon (17)]
  6596 | D:9      | 6596 ||| READING scroll of teleportation.
  6597 | D:9      | 6597 ||| DRINKING potion of heal wounds.
  6795 | Lair:1   | Reached skill level 6 in Shields
  6809 | Lair:1   | Noticed a black mamba
  6816 | Lair:1   | Killed a black mamba
  6831 | Lair:1   | Noticed Fannar
  6832 | Lair:1   | 6832 ||| FLEEEEING.
  6833 | Lair:1   | 6833 ||| FLEEEEING.
  6834 | Lair:1   | 6834 ||| FLEEEEING.
  6835 | Lair:1   | 6835 ||| FLEEEEING.
  6836 | Lair:1   | 6836 ||| FLEEEEING.
  6837 | Lair:1   | 6837 ||| FLEEEEING.
  6838 | Lair:1   | 6838 ||| FLEEEEING.
  6839 | Lair:1   | 6839 ||| FLEEEEING.
  6840 | Lair:1   | 6840 ||| FLEEEEING.
  6841 | Lair:1   | 6841 ||| FLEEEEING.
  6842 | Lair:1   | 6842 ||| FLEEEEING.
  6843 | Lair:1   | 6843 ||| FLEEEEING.
  6844 | Lair:1   | 6844 ||| FLEEEEING.
  6846 | Lair:1   | 6846 ||| FLEEEEING.
  6847 | Lair:1   | 6847 ||| Stepping ~*~*~tactically~*~*~ (hiding).
  6848 | Lair:1   | 6848 ||| Stepping ~*~*~tactically~*~*~ (hiding).
  6860 | Lair:1   | Killed Fannar
  6860 | Lair:1   | Reached * piety under Okawaru
  7113 | Lair:1   | Noticed a cane toad
  7114 | Lair:1   | 7114 ||| INVOKING Heroism.
  7122 | Lair:1   | Killed a cane toad
  7272 | Lair:1   | 7272 ||| INVOKING Heroism.
  7274 | Lair:1   | Noticed a cane toad
  7284 | Lair:1   | Killed a cane toad
  7284 | Lair:1   | Reached ** piety under Okawaru
  7285 | Lair:1   | Reached skill level 3 in Invocations
  7285 | Lair:1   | Reached XP level 11. HP: 63/68 MP: 10/13
  7291 | Lair:1   | 7291 ||| INVOKING Heroism.
  7293 | Lair:1   | Reached skill level 9 in Shields
  7310 | Lair:1   | 7310 ||| INVOKING Heroism.
  7481 | Lair:1   | 7481 ||| DRINKING 2 dark potions.
  7482 | Lair:1   | 7482 ||| DROPPING potion of invisibility.
  7545 | Lair:2   | Reached skill level 11 in Axes
  7554 | Lair:2   | 7554 ||| INVOKING Heroism.
  7557 | Lair:2   | 7557 ||| Stepping ~*~*~tactically~*~*~ (stealth).
  7558 | Lair:2   | 7558 ||| Stepping ~*~*~tactically~*~*~ (stealth).
  7583 | Lair:2   | 7583 ||| Stepping ~*~*~tactically~*~*~ (stealth).
  7599 | Lair:2   | Reached *** piety under Okawaru
  7609 | Lair:2   | 7609 ||| INVOKING Heroism.
  7614 | Lair:2   | Reached skill level 9 in Fighting
  7615 | Lair:2   | Reached **** piety under Okawaru
  7625 | Lair:2   | Noticed a skyshark
  7634 | Lair:2   | Killed a skyshark
  7634 | Lair:2   | Received a gift from Okawaru
  7655 | Lair:2   | 7655 ||| FLEEEEING.
  7656 | Lair:2   | 7656 ||| FLEEEEING.
  7657 | Lair:2   | 7657 ||| FLEEEEING.
  7658 | Lair:2   | 7658 ||| FLEEEEING.
  7659 | Lair:2   | 7659 ||| FLEEEEING.
  7660 | Lair:2   | 7660 ||| FLEEEEING.
  7661 | Lair:2   | 7661 ||| INVOKING Heroism.
  7682 | Lair:2   | Reached XP level 12. HP: 50/76 MP: 14/16
  7682 | Lair:2   | 7682 ||| INVOKING Heroism.
  7713 | Lair:2   | 7713 ||| Stepping ~*~*~tactically~*~*~ (stealth).
  7776 | Lair:2   | Identified the +4 scale mail of the Hidden Vale {Str+4}
  7808 | Lair:2   | 7808 ||| Stepping ~*~*~tactically~*~*~ (stealth).
  7809 | Lair:2   | 7809 ||| Stepping ~*~*~tactically~*~*~ (stealth).
  7810 | Lair:2   | 7810 ||| INVOKING Heroism.
  7820 | Lair:2   | Reached skill level 1 in Throwing
  7820 | Lair:2   | Reached skill level 6 in Invocations
  7965 | Lair:2   | 7965 ||| INVOKING Heroism.
  8045 | Lair:2   | Noticed a boulder beetle
  8046 | Lair:2   | 8046 ||| INVOKING Heroism.
  8066 | Lair:2   | 8066 ||| INVOKING Heroism.
  8074 | Lair:2   | Noticed a seven-headed hydra
  8084 | Lair:2   | Killed a boulder beetle
  8085 | Lair:2   | Killed a four-headed hydra
  8203 | Lair:2   | 8203 ||| INVOKING Heroism.
  8305 | Lair:2   | Found a staircase to the Shoals.
  8529 | Lair:2   | 8529 ||| UPGRADING to +0 pair of boots.
  8534 | Lair:2   | 8534 ||| READING 2 scrolls of identify.
  8534 | Lair:2   | 8534 ||| IDENTIFYING golden potion
  8535 | Lair:2   | 8535 ||| DROPPING potion of brilliance.
  8580 | Lair:3   | Noticed a seven-headed hydra
  8581 | Lair:3   | 8581 ||| INVOKING Heroism.
  8584 | Lair:3   | Killed a four-headed hydra
  8584 | Lair:3   | Received a gift from Okawaru
  8614 | Lair:3   | Found an opulent altar of Gozag.
  8618 | Lair:3   | 8618 ||| READING scroll of enchant weapon.
  8618 | Lair:3   | 8618 ||| ENCHANTING +1 war axe of flaming.
  8632 | Lair:3   | 8632 ||| READING scroll of enchant weapon.
  8632 | Lair:3   | 8632 ||| ENCHANTING +2 war axe of flaming.
  8634 | Lair:3   | Noticed Nergalle
  8635 | Lair:3   | 8635 ||| Stepping ~*~*~tactically~*~*~ (hiding).
  8639 | Lair:3   | 8639 ||| INVOKING Heroism.
  8655 | Lair:3   | Killed Nergalle
  8751 | Lair:3   | Found a hole to the Spider Nest.
  8752 | Lair:3   | 8752 ||| INVOKING Heroism.
  8761 | Lair:3   | Reached skill level 12 in Axes
  8837 | Lair:3   | 8837 ||| INVOKING Heroism.
  8841 | Lair:3   | 8841 ||| Stepping ~*~*~tactically~*~*~ (stealth).
  8951 | Lair:3   | 8951 ||| READING scroll of brand weapon.
  8951 | Lair:3   | 8951 ||| BRANDING +3 war axe of flaming.
  8986 | Lair:3   | Reached skill level 9 in Invocations
  9058 | Lair:3   | 9058 ||| DROPPING +0 club.
  9242 | Lair:3   | 9242 ||| READING scroll labelled EFIFFA TESECH.
  9342 | Lair:4   | 9342 ||| Stepping ~*~*~tactically~*~*~ (stealth).
  9343 | Lair:4   | 9343 ||| INVOKING Heroism.
  9592 | Lair:4   | 9592 ||| INVOKING Heroism.
  9602 | Lair:4   | Reached skill level 9 in Armour
  9647 | Lair:4   | 9647 ||| INVOKING Heroism.
  9663 | Lair:4   | Reached XP level 13. HP: 45/80 MP: 20/20
  9666 | Lair:4   | Reached ***** piety under Okawaru
  9937 | Lair:4   | 9937 ||| INVOKING Heroism.
  9938 | Lair:4   | Found a staircase to the Slime Pits.
  9942 | Lair:4   | HP: 14/80 [oklob plant/splash of acid (19)]
  9943 | Lair:4   | 9943 ||| READING scroll of teleportation.
  9944 | Lair:4   | 9944 ||| DRINKING potion of heal wounds.
  9945 | Lair:4   | HP: 2/80 [oklob plant/splash of acid (31)]
 10374 | Lair:4   | 10374 ||| INVOKING Heroism.
 10664 | Lair:5   | Entered Level 5 of the Lair of Beasts
 10667 | Lair:5   | 10667 ||| INVOKING Heroism.
 10680 | Lair:5   | 10680 ||| STAIRDANCE
 10882 | Lair:4   | 10882 ||| INVOKING Heroism.
 10895 | Lair:4   | HP: 17/82 [oklob plant/splash of acid (6)]
 10900 | Lair:4   | HP: 3/82 [oklob plant/splash of acid (8)]
 10901 | Lair:4   | Killed from afar by an oklob plant

Levels and vault maps discovered:
D:1:      dpeg_arrival_water_fire, layout_basic
D:2:      cheibrodos_greedy_goblins, layout_loops_ring, basic_altar,
          uniq_crazy_yiuf_cottage
D:3:      layout_basic, pf_just_have_faith, amethyst_overflow_temple_binary,
          gammafunk_ghost_mausoleum
D:4:      layout_loops_ring, kennysheep_little_box
D:5:      layout_loops_ring, nicolae_sif_muna_little_library, st_stairs_1
D:6:      layout_gridville, grunt_qazlal_clouds
D:7:      layout_basic, nicolae_hepliaklqana_hazy_memory, jmf_multi_god_temple2,
          minmay_temple_entry_fiery, minmay_crossroads
D:8:      layout_basic, mainiacjoe_overflow_alcove_4,
          makhleb_blood_cavern_becter, lemuel_round_altar, uniq_maggie,
          uniq_grum, uniq_gastronok, uniq_erica
D:9:      layout_roguey, dpeg_oklobed_lair, uniq_erolcha
Temple:   nicolae_temple_bog_church
Lair:1:   layout_gridlike, uniq_fannar
Lair:2:   layout_long_grid, shoals_dummy_entry, st_stairs_3,
          serial_bayou_shore_a
Lair:3:   layout_cave_shapes, spider_nest_entry_rubble, basic_altar,
          grunt_megastairs_4, uniq_nergalle
Lair:4:   layout_cellular_growth, minmay_slime_entry_oklob_enclosed,
          nicolae_volcano_entry_batcave, serial_bayou_shore_b,
          lemuel_fruit_fields
Lair:5:   minmay_lair_end_enchanted_forest, layout_gridlike,
          gammafunk_ghost_abyssal_escape, serial_bayou_pond_b

Skill      XL: |  1  2  3  4  5  6  7  8  9 10 11 12 13 |
---------------+----------------------------------------+-----
Axes           | 2 3 4 5 6 7 8 10 11 12 | 12.3
Fighting       | 4 5 6 7 8 9 10 | 10.1
Dodging        | 1 2 |  2.0
Armour         | 4 5 6 7 8 9 |  9.0
Shields        | 4 8 10 | 10.8
Invocations    | 3 5 10 | 10.0
Throwing       | 2 |  2.1

Action                     |  1- 3 |  4- 6 |  7- 9 | 10-12 | 13-15 || total
---------------------------+-------+-------+-------+-------+-------++-------
  Melee: War axe           |   144 |    94 |   197 |   392 |    78 ||   905
         Kick              |       |    12 |    52 |    95 |       ||   159
  Throw: Boomerang         |       |       |       |    17 |       ||    17
 Invoke: Heroism           |       |       |       |    20 |     4 ||    24
    Use: Scroll            |     3 |     6 |     3 |    13 |     1 ||    26
         Potion            |       |     3 |     2 |     4 |     1 ||    10
   Stab: Paralysed         |       |       |       |       |     3 ||     3
         Confused          |       |       |       |       |     1 ||     1
 Armour: Scale mail        |    32 |       |       |       |       ||    32
         Plate armour      |    65 |    59 |   125 |   160 |    26 ||   435
  Dodge: Dodged            |    61 |    31 |    75 |   174 |    24 ||   365
  Block: Buckler           |    26 |    22 |    41 |    12 |       ||   101
         Kite shield       |       |       |       |   172 |    29 ||   201

Table legend:
 A = Non-vault XP
 B = Vault XP
 C = Vault XP percentage of total XP
 D = Non-vault monster count
 E = Vault monster count
 F = Vault count percentage of total count
                 A         B        C        D         E       F
            +---------+---------+-------+---------+---------+-------
      Total |   31906 |    4686 |  12.8 |     272 |      25 |   8.4
            +---------+---------+-------+---------+---------+-------
        D:1 |      34 |       0 |   0.0 |      21 |       0 |   0.0
        D:2 |      32 |      18 |  36.0 |      18 |       9 |  33.3
        D:3 |      46 |       0 |   0.0 |      22 |       0 |   0.0
        D:4 |     437 |       0 |   0.0 |      20 |       0 |   0.0
        D:5 |     775 |     105 |  11.9 |      26 |       3 |  10.3
        D:6 |     802 |       0 |   0.0 |      14 |       0 |   0.0
        D:7 |     377 |      46 |  10.9 |      13 |       3 |  18.8
        D:8 |     372 |       0 |   0.0 |       8 |       0 |   0.0
        D:9 |    2703 |     844 |  23.8 |      32 |       1 |   3.0
     Lair:1 |    4117 |     870 |  17.4 |      16 |       1 |   5.9
     Lair:2 |   12455 |      85 |   0.7 |      47 |       1 |   2.1
     Lair:3 |    2630 |    1562 |  37.3 |      11 |       3 |  21.4
     Lair:4 |    6693 |    1156 |  14.7 |      23 |       4 |  14.8
     Lair:5 |     433 |       0 |   0.0 |       1 |       0 |   0.0
            +---------+---------+-------+---------+---------+-------
